 Dungeon Crawl Stone Soup version 0.31-a0-771-g505c3d19dc (webtiles) character file.

Game seed: 17294328232707028866

1726 rjrrt the Cleaver (level 8, 0/68 (73) HPs)
             Began as a Minotaur Fighter on Sept 17, 2023.
             Slain by a wight
             ... wielding a +4 falchion
              (10 damage)
             ... on level 6 of the Dungeon.
             The game lasted 00:09:37 (4878 turns).

rjrrt the Cleaver (Minotaur Fighter)                Turns: 4878, Time: 00:09:38

HP:   0/68 (73)     AC: 16    Str: 24      XL:     8   Next: 75%
MP:   7/7           EV:  6    Int:  5      God:
Gold: 96            SH:  5    Dex:  8 (9)  Spells: 7/7 levels left

rFire   . . .        a - +1 war axe
rCold   . . .        c - +0 buckler
rNeg    . . .        v - +0 plate armour
rPois   .            (helmet restricted)
rElec   .            s - +0 cloak
rCorr   .            k - +1 pair of gloves
SInv    +            (no boots)
Will    .....        (no amulet) Stlth
                     f - ring of see invisible
HPRegen 0.31/turn    (no ring)
MPRegen 0.10/turn

%: no passive effects
@: drained
A: horns 2, retaliatory headbutt
a: no special abilities


You were on level 6 of the Dungeon.
You visited 1 branch of the dungeon, and saw 6 of its levels.

You collected 334 gold pieces.
You spent 238 gold pieces at shops.

Inventory:

Hand Weapons
 a - a +1 war axe (weapon)
 p - a +0 trident
Missiles
 j - 2 boomerangs (quivered)
 l - a throwing net
Armour
 c - a +0 buckler (worn)
 k - a +1 pair of gloves (worn)
 s - a +0 cloak (worn)
 v - a +0 plate armour (worn)
 x - +0 ice dragon scales
Jewellery
 f - a ring of see invisible (left hand)
Wands
 d - a wand of flame (23)
 o - a wand of mindburst (11)
Scrolls
 g - a scroll of teleportation
 t - a scroll of enchant weapon
Potions
 b - a potion of berserk rage
 e - a potion of enlightenment {unknown}
 h - 2 potions of heal wounds
 i - 2 potions of mutation
 m - 2 potions of attraction
 n - a potion of might
 q - 2 potions of haste
 r - 3 potions of brilliance
 u - a potion of curing
 w - a potion of lignification


   Skills:
 + Level 7.0 Fighting
 * Level 8.9 Axes
 + Level 7.0 Armour
 + Level 7.1 Shields


You had 7 spell levels left.
You didn't know any spells.
Your spell library contained the following spells:

 Spells                   Type           Power      Damage    Failure   Level
 Magic Dart               Conj           0%         1d3       100%        1
 Call Imp                 Summ           0%         N/A       100%        2
 Wereblood                Tmut           0%         N/A       100%        2
 Mephitic Cloud           Conj/Pois/Air  0%         N/A       100%        3
 Irradiate                Conj/Tmut      0%         3d11      100%        5


Dungeon Overview and Level Annotations

Branches:
Dungeon (6/15)
 Temple: D:4-7

Altars:
Hepliaklqana
Ru
Trog

Shops:
D:3 =   D:6 !


Innate Abilities, Weirdness & Mutations

You have a pair of horns on your head.
You reflexively headbutt those who attack you in melee.


Message History

a +0 morningstar; a +0 robe You closely miss the wight.
The wight barely misses you.
The wight hits you from afar with a +4 halberd!
You feel drained.
Unknown command.
You slash the wight!
You destroy the wight!
The wight hits you from afar with a +4 halberd.
You feel drained.
Your Armour skill increases to level 7!
You barely miss the shadow imp. Your headbutt misses the shadow imp.
The shadow imp barely misses you. You furiously retaliate!
You headbutt the shadow imp!
You kill the shadow imp!
The wight barely misses you.
Your Fighting skill increases to level 7!
You hit the wight. Your headbutt misses the wight.
The wight is lightly damaged.
The wight hits you but does no damage.
The wight hits you from afar with a +4 halberd!
You feel drained.
You are too injured to fight recklessly!
You are too injured to fight recklessly!
Unknown command.
The wight hits you from afar with a +4 halberd.
You feel drained. The wight attacks as it pursues you!
The wight hits you with a +4 falchion!
* * * LOW HITPOINT WARNING * * *
The wight attacks as it pursues you!
The wight hits you from afar with a +4 halberd.
* * * LOW HITPOINT WARNING * * *
The wight attacks as it pursues you! You block the wight's attack.
The wight attacks as it pursues you! The wight hits you with a +4 falchion.
* * * LOW HITPOINT WARNING * * *
The wight attacks as it pursues you! The wight hits you with a +4 falchion.
* * * LOW HITPOINT WARNING * * *
You feel drained.
There is a stone staircase leading up here.
The wight hits you with a +4 falchion!
You die...

.#####....................#......
..##.................#....###....
.....................#......##...
.........)..##.#.#.#....##.......
(............###.#.###...#...#...
............####.....###.....#...
...##.......###......#......##.##
............#....................
................@zz...##..##..##.
###............##.)..####...)####
###.#..............## ##..## #
###...###...#.....## #?.# .
##......######......###..# .
#.........#.##....#....... #
#............###.#.#........ #
#..............##.....###..###
##...#....###.#####..## #..#


You could see 2 wights.

Vanquished Creatures
  Sigmund (D:5)
  Eustachio (D:6)
  An acid dragon (D:6)
  A water moccasin (D:6)
  3 ogres
  An orc warrior (D:5)
  A phantom (D:5)
  A scorpion (D:4)
  3 wights (D:6)
  4 jellies (D:6)
  3 hounds
  3 orc priests
  An iguana (D:4)
  2 orc wizards
  Robin (D:3)
  An adder (D:5)
  4 gnolls
  A shadow imp (D:6)
  3 white imps
  2 ufetubi (D:6)
  2 worms
  4 dart slugs
  14 orcs
  6 bats
  9 endoplasms
  A giant cockroach (D:1)
  11 goblins
  10 hobgoblins
  4 jackals (D:3)
  4 quokkas
  5 ball pythons
  4 frilled lizards
  5 kobolds
  2 rats
119 creatures vanquished.

Notes
Turn   | Place    | Note
-------+----------+-------------------------------------------
     0 | D:1      | rjrrt the Minotaur Fighter began the quest for the Orb.
     0 | D:1      | Reached XP level 1. HP: 19/19 MP: 0/0
   220 | D:1      | Reached XP level 2. HP: 27/27 MP: 1/1
   307 | D:1      | Reached skill level 3 in Axes
   624 | D:2      | Reached XP level 3. HP: 32/33 MP: 2/2
   760 | D:2      | Found a sacrificial altar of Ru.
   828 | D:2      | Reached XP level 4. HP: 32/40 MP: 3/3
  1140 | D:3      | Noticed Robin
  1150 | D:3      | Killed Robin
  1151 | D:3      | Reached skill level 4 in Axes
  1195 | D:3      | Found Yptirob's Jewellery Shop.
  1282 | D:3      | Found a bloodstained altar of Trog.
  1376 | D:3      | Reached XP level 5. HP: 44/47 MP: 4/4
  2223 | D:4      | Noticed an ogre
  2226 | D:4      | Reached skill level 5 in Axes
  2230 | D:4      | Killed an ogre
  2231 | D:4      | Reached XP level 6. HP: 10/55 MP: 5/5
  2488 | D:4      | Reached skill level 5 in Shields
  2645 | D:4      | Reached skill level 5 in Fighting
  2645 | D:4      | Reached skill level 5 in Armour
  2951 | D:4      | Reached skill level 6 in Axes
  3302 | D:5      | Entered Level 5 of the Dungeon
  3355 | D:5      | Reached XP level 7. HP: 56/61 MP: 6/6
  4056 | D:5      | Found a hazy altar of Hepliaklqana.
  4074 | D:5      | Noticed Sigmund
  4085 | D:5      | Killed Sigmund
  4086 | D:5      | Reached skill level 7 in Axes
  4271 | D:6      | Found Boddyv Biss's Distillery.
  4273 | D:6      | Reached XP level 8. HP: 70/70 MP: 7/7
  4278 | D:6      | Bought a potion of curing for 42 gold pieces
  4278 | D:6      | Bought a potion of heal wounds for 70 gold pieces
  4278 | D:6      | Bought a potion of degeneration for 14 gold pieces
  4278 | D:6      | Bought a potion of lignification for 42 gold pieces
  4278 | D:6      | Bought a potion of berserk rage for 70 gold pieces
  4287 | D:6      | Noticed Eustachio
  4420 | D:6      | Reached skill level 8 in Axes
  4780 | D:6      | Killed Eustachio
  4878 | D:6      | Slain by a wight

Illustrated notes

Levels and vault maps discovered:
D:1:      saegor_arrival_simple_b, layout_rooms
D:2:      layout_basic, basic_altar
D:3:      kb_forest_paths, layout_basic, marbit_many_paths, serial_shops, shop,
          due_unseen_surprise, uniq_robin
D:4:      layout_basic, serial_bayou, serial_bayou_crossing,
          serial_bayou_pond_e, serial_bayou_pond_c, serial_bayou_shore_b
D:5:      layout_loops_ring, mainiacjoe_overflow_24_doors, grunt_ministairs_10,
          minmay_misc_feat_pillars, grunt_decor_fettered, uniq_sigmund
D:6:      layout_cave_pools, serial_shops, nicolae_shop_stone,
          palyth_stone_intersect, kennysheep_small_circle, uniq_eustachio

Skill      XL: |  1  2  3  4  5  6  7  8 |
---------------+-------------------------+-----
Axes           | 3 4 5 6 7 8 |  8.9
Armour         | 4 5 6 7 |  7.0
Shields        | 4 5 6 7 |  7.1
Fighting       | 4 5 6 7 |  7.0

Action                     |  1- 3 |  4- 6 |  7- 9 || total
---------------------------+-------+-------+-------++-------
  Melee: War axe           |    55 |   157 |    90 ||   302
         Headbutt          |    11 |    23 |    19 ||    53
  Evoke: Wand              |       |       |     1 ||     1
    Use: Scroll            |       |    11 |     1 ||    12
         Potion            |       |     1 |     1 ||     2
 Armour: Scale mail        |    17 |       |       ||    17
         Chain mail        |    23 |   119 |    19 ||   161
         Plate armour      |       |       |   118 ||   118
  Dodge: Dodged            |    20 |    41 |    59 ||   120
  Block: Buckler           |    12 |    40 |    36 ||    88

Table legend: (Time is in decaauts)
 A = Elapsed time spent in this place.
 B = Non-inter-level travel time spent in this place.
 C = Inter-level travel time spent in this place.
 D = Time resting spent in this place.
 E = Time spent auto-exploring this place.
 F = Levels seen in this place.
 G = Mean time per level.
                   A        B        C        D        E       F      G
               +--------+--------+--------+--------+--------+-----+--------+
         Total |   4983 |   4788 |    195 |    751 |   2866 |   6 |  830.5 |
       Dungeon |   4983 |   4788 |    195 |    751 |   2866 |   6 |  830.5 |
               +--------+--------+--------+--------+--------+-----+--------+

Top non-repeatable levels by time:
     D:3: 1224 daAuts
     D:5: 1205 daAuts
     D:4: 1005 daAuts
     D:2: 662 daAuts
     D:1: 490 daAuts
     D:6: 395 daAuts
